 Dungeon Crawl Stone Soup version 0.28.0-53-g5a82cb258f (webtiles) character file.

Game seed: 14327529078730957912

826 VictoriousLee the Frost Mage (level 7, -9/46 HPs)
             Began as a Barachi Ice Elementalist on June 2, 2022.
             Was a Priest of Kikubaaqudgha.
             Killed from afar by a white imp (11 damage)
             ... with a puff of frost
             ... on level 5 of the Dungeon.
             The game lasted 00:21:42 (6361 turns).

VictoriousLee the Frost Mage (BaIE)                 Turns: 6361, Time: 00:21:44

Health: -9/46      AC:  5    Str:  9    XL:     7   Next: 96%
Magic:  5/12       EV: 12    Int: 18    God:    Kikubaaqudgha [***...]
Gold:   290        SH:  0    Dex: 12    Spells: 4/13 levels left

rFire   . . .      SeeInvis .   q - +0 short sword (speed)
rCold   . . .      Faith    .   D - orb {light}
rNeg    . . .      Spirit   .   a - +0 robe
rPois   .          Reflect  .   (no helmet)
rElec   .          Harm     .   (no cloak)
rCorr   .          Rampage  .   s - +2 pair of gloves
Will    .....                   (no boots)
Stlth   +.........              (no amulet)
HPRegen 0.15/turn               (no ring)
MPRegen 0.13/turn               (no ring)

@: glowing, slow
A: amphibious, slowness 1, strong legs 1, +LOS
a: Hop, Renounce Religion, Receive Corpses


You were on level 5 of the Dungeon.
You worshipped Kikubaaqudgha.
Kikubaaqudgha was most pleased with you.
You visited 1 branch of the dungeon, and saw 5 of its levels.
You also visited: Sewer.

You collected 290 gold pieces.

Inventory:

Hand Weapons
 q - a +0 short sword of speed (weapon)
Missiles
 g - 69 bolts
 h - 104 stones
 m - 45 arrows
 w - 4 curare-tipped darts
 x - 12 poisoned darts
 A - 15 sling bullets
 C - 3 boomerangs
Armour
 a - a +0 robe (worn)
 e - a +0 leather armour
 f - a +0 leather armour
 s - a +2 pair of gloves (worn)
 y - a +0 ring mail
 D - an orb of light (worn)
Magical Staves
 o - a staff of poison
Jewellery
 u - a ring of fire
Scrolls
 c - a scroll of vulnerability {unknown}
 i - 3 scrolls of teleportation
 j - 2 scrolls of fog {unknown}
 l - a scroll of silence {unknown}
 r - a scroll of immolation {unknown}
 v - a scroll of noise {unknown}
 B - 3 scrolls of summoning {unknown}
 E - a scroll of fear {unknown}
Potions
 b - a potion of might {unknown}
 d - 2 potions of berserk rage {unknown}
 n - 4 potions of curing
 p - 2 potions of haste {unknown}
 t - 2 potions of magic {unknown}
 z - a potion of degeneration {unknown}


   Skills:
 - Level 2.1 Dodging
 - Level 1.7 Stealth
 - Level 3.6 Spellcasting
 + Level 6.1 Conjurations
 - Level 8.4 Ice Magic


You had 4 spell levels left.
You knew the following spells:

 Your Spells              Type           Power      Damage    Failure   Level
a - Freeze                Ice            100%       1d11      1%          1
b - Animate Skeleton      Necr           6%         N/A       16%         1
f - Frozen Ramparts       Ice            66%        1d8       1%          3
h - Hailstorm             Conj/Ice       29%        3d8       8%          4

Your spell library contained the following spells:

 Spells                   Type           Power      Damage    Failure   Level
 Ozocubu's Armour         Ice            33%        N/A       1%          3
 Ensorcelled Hibernation  Hex/Ice        36%        N/A       4%          2
 Pain                     Necr           12%        1d4       16%         1
 Passwall                 Tmut/Erth      2%         N/A       24%         2
 Swiftness                Air            3%         N/A       43%         3
 Vampiric Draining        Necr           3%         2d6       43%         3
 Anguish                  Hex/Necr       1%         N/A       83%         4
 Animate Dead             Necr           1%         N/A       83%         4
 Dispel Undead            Necr           3%         3d7       83%         4
 Agony                    Necr           3%         N/A       99%         5
 Excruciating Wounds      Necr           1%         N/A       99%         5
 Death Channel            Necr           1%         N/A       100%        6


Dungeon Overview and Level Annotations

Branches:
Dungeon (5/15)              Sewer (visited)
 Temple: D:4-7

Altars:
Kikubaaqudgha
Sif Muna

Portals:
Abyss: D:4

Annotations:
D:4 2 transporters, ZappyNine's ghost, novice VSFi
D:5 3 runed translucent doors, MechaKamiliLaw's ghost, novice HOCA


Innate Abilities, Weirdness & Mutations

You are amphibious.
You cover ground slowly.
You can hop short distances.
You have an extended range of vision and can be seen from far away.


Message History

The wall freezes the white imp but does no damage.
You closely miss the killer bee zombie.
The killer bee zombie is almost destroyed.
The killer bee zombie completely resists.
The wall freezes the killer bee zombie but does no damage.
The killer bee zombie barely misses you.
The killer bee zombie completely resists.
The wall freezes the killer bee zombie but does no damage.
The killer bee zombie hits you.
* * * LOW HITPOINT WARNING * * *
You barely miss the killer bee zombie.
The killer bee zombie is almost destroyed.
The white imp resists.
The wall freezes the white imp.
Okay, then.
You hit the white imp but do no damage.
The white imp is lightly wounded.
The killer bee zombie completely resists.
The wall freezes the killer bee zombie but does no damage.
You hit the white imp but do no damage.
The white imp is lightly wounded.
The killer bee zombie completely resists.
The wall freezes the killer bee zombie but does no damage.
The white imp completely resists.
The wall freezes the white imp but does no damage.
The white imp gestures at you. The puff of frost misses you.
You barely miss the white imp.
The white imp is lightly wounded.
You are ready to hop once more.
The killer bee zombie completely resists.
The wall freezes the killer bee zombie but does no damage.
The killer bee zombie completely resists.
The wall freezes the killer bee zombie but does no damage.
You hit the white imp but do no damage.
The white imp is lightly wounded.
The frozen ramparts melt away.
The white imp gestures at you. The puff of frost hits you!
You die...
Kikubaaqudgha rasps: "You have failed me!
Welcome... death!"

###### #....# #.##.# #.##@#
#.##5# ######## #.##Z#
#......##
#.##.########Z.......
#.......Z.c.5).......
########..........####..###+
#......#..#######.####..#l5.
##.###.#>.#÷≈≈≈≈#.......#WO.
#.# #.#..÷÷≈≈≈≈#.####..#..#


You could see a white imp and a killer bee zombie.

Vanquished Creatures
  Pargi (Sewer)
  2 black bears
  A centaur (D:5)
  A bullfrog (D:3)
  A hound (D:5)
  An orc priest (D:4)
  A bullfrog skeleton (D:4)
  2 iguanas
  2 hound skeletons (D:4)
  10 adders
  2 howler monkey skeletons
  A river rat (D:5)
  An ufetubus (D:4)
  3 worms
  12 orcs
  7 ball pythons
  4 bats
  7 endoplasms
  5 giant cockroaches
  7 hobgoblins
  11 jackals
  3 quokkas
  3 frilled lizards
  8 goblins
  11 kobolds
  8 rats
115 creatures vanquished.

Notes
Turn   | Place    | Note
-------+----------+-------------------------------------------
     0 | D:1      | VictoriousLee the Barachi Ice Elementalist began the quest
                  | for the Orb.
     0 | D:1      | Reached XP level 1. HP: 13/13 MP: 3/3
   124 | D:1      | Found a faded altar of an unknown god.
   133 | D:1      | Reached skill level 5 in Ice Magic
   196 | D:1      | Prayed at the altar of an unknown god.
   196 | D:1      | Became a worshipper of Kikubaaqudgha
   196 | D:1      | Reached * piety under Kikubaaqudgha
   196 | D:1      | Received a gift from Kikubaaqudgha
   215 | D:1      | Reached XP level 2. HP: 19/19 MP: 3/5
   846 | D:1      | Reached XP level 3. HP: 24/24 MP: 5/7
   850 | D:1      | Learned a level 3 spell: Frozen Ramparts
  1582 | D:2      | Reached XP level 4. HP: 30/30 MP: 5/9
  1587 | D:2      | Learned a level 4 spell: Hailstorm
  1766 | D:2      | Reached ** piety under Kikubaaqudgha
  2566 | D:3      | Noticed a bullfrog
  2575 | D:3      | Killed a bullfrog
  2576 | D:3      | Reached skill level 6 in Ice Magic
  2576 | D:3      | Reached XP level 5. HP: 26/35 MP: 6/10
  3053 | D:3      | Reached skill level 7 in Ice Magic
  3776 | D:3      | Learned a level 1 spell: Animate Skeleton
  3831 | D:4      | Noticed a black bear
  3855 | D:4      | Killed a black bear
  3856 | D:4      | Reached skill level 1 in Conjurations
  3856 | D:4      | Reached XP level 6. HP: 6/41 MP: 3/11
  4285 | D:4      | Found a transporter.
  4319 | D:4      | Noticed a small abomination
  4322 | D:4      | Found a one-way gate to the infinite horrors of the Abyss.
  4322 | D:4      | Noticed ZappyNine's ghost (novice VSFi)
  4409 | D:4      | Reached skill level 8 in Ice Magic
  4564 | D:4      | HP: 1/41 [orc priest/divine providence (10)]
  5059 | D:4      | Found a transporter.
  5063 | D:4      | Found a shimmering blue altar of Sif Muna.
  5727 | D:5      | Entered Level 5 of the Dungeon
  5741 | D:5      | Noticed a black bear
  5748 | D:5      | Killed a black bear
  5749 | D:5      | Reached XP level 7. HP: 35/46 MP: 2/12
  5966 | D:5      | Reached *** piety under Kikubaaqudgha
  5966 | D:5      | Received a gift from Kikubaaqudgha
  5973 | D:5      | Noticed MechaKamiliLaw's ghost (novice HOCA)
  5974 | D:5      | Found a runed translucent gate.
  5975 | D:5      | Found a glowing drain.
  6007 | Sewer    | Entered a sewer
  6081 | Sewer    | Noticed Pargi
  6093 | Sewer    | Killed Pargi
  6094 | Sewer    | Reached skill level 5 in Conjurations
  6292 | D:5      | Found a runed translucent gate.
  6297 | D:5      | Found a runed translucent gate.
  6340 | D:5      | HP: 1/46 [centaur/arrow (10)]
  6353 | D:5      | HP: 2/46 [howler monkey skeleton (1)]
  6361 | D:5      | Killed from afar by a white imp

Illustrated notes

Levels and vault maps discovered:
D:1:      dpeg_arrival_another_circle, layout_basic,
          shapermc_ecumenical_altar_starsandcircs
D:2:      cheibrodos_old_hovel, layout_basic, grunt_ministairs_10
D:3:      layout_basic
D:4:      layout_loops_corners, mainiacjoe_overflow_24_doors,
          gammafunk_ghost_abyssal_escape, chequers_arboretum
D:5:      layout_basic, serial_shops, shop_statue, gammafunk_ghost_split,
          portal_sewer_entry_c

Skill      XL: |  1  2  3  4  5  6  7 |
---------------+----------------------+-----
Ice Magic      | 5 6 7 8 |  8.4
Spellcasting   | 3 |  3.6
Conjurations   | 1 3 6 |  6.1
Dodging        | |  2.1
Stealth        | |  1.7

Action                   |  1- 3 |  4- 6 |  7- 9 || total
-------------------------+-------+-------+-------++-------
Melee: Unarmed           |     2 |     4 |       ||     6
       Short sword       |       |    75 |    61 ||   136
       Punch             |       |     3 |       ||     3
 Cast: Freeze            |    51 |     3 |     2 ||    56
       Frozen Ramparts   |       |    42 |    11 ||    53
       Hailstorm         |       |     3 |       ||     3
 Abil: Hop               |     1 |     2 |     1 ||     4
  Use: Scroll            |       |     3 |       ||     3
       Potion            |       |       |     2 ||     2
Armor: Robe              |     6 |    18 |    21 ||    45
Dodge: Dodged            |    26 |    27 |    37 ||    90
